 Dungeon Crawl Stone Soup version 0.21-a0-225-g207ae17 (webtiles) character file.

592 heretic the Slasher (level 7, 0/49 HPs)
             Began as an Octopode Fighter on Aug 29, 2017.
             Slain by Edmund
             ... wielding a +2 flail of crushing
              (1 damage)
             ... on level 5 of the Dungeon.
             The game lasted 00:09:53 (4726 turns).

heretic the Slasher (Octopode Fighter)              Turns: 4726, Time: 00:09:53

Health: 0/49       AC:  1    Str: 15    XL:     7   Next: 39%
Magic:  7/7        EV: 13    Int: 11    God:
Gold:   157        SH:  9    Dex: 13    Spells: 6/6 levels left

rFire    . . .     SeeInvis .   o - -3 mace (curse)
rCold    . . .     Gourm    .   b - +1 shield
rNeg     . . .     Faith    .   (helmet restricted)
rPois    .         Spirit   .   (no amulet)
rElec    .         Reflect  .   j - ring of resist corrosion
rCorr    +         Harm     .   (no ring)
MR       .....                  (no ring)
Stlth    ++++......             (no ring)
HPRegen  0.16/turn              (no ring)
MPRegen  0.10/turn              (no ring)
                                (no ring)
                                (no ring)

@: no status effects
A: almost no armour, stealthy swim, amphibious, 8 rings, constrict 8, camouflage
1, gelatinous body 1
a: no special abilities


You were on level 5 of the Dungeon.
You were not hungry.

You visited 1 branch of the dungeon, and saw 5 of its levels.

You collected 157 gold pieces.

Inventory:

Hand Weapons
 a - a +1 long sword
 o - a cursed -3 mace (weapon)
 x - the +5 mace "Conservator" {antimagic, rF+}
   (You found it on level 5 of the Dungeon)

   It reduces the magical energy of the wielder, and disrupts the spells and
   magical abilities of those hit.
   Natural abilities and divine invocations are not affected.
   It protects you from fire.
Missiles
 e - 87 stones (quivered)
Armour
 b - a +1 shield (worn)
Jewellery
 g - an uncursed amulet of the gourmand
 i - an uncursed amulet of rage
 j - a ring of resist corrosion (left tentacle)
Wands
 p - a wand of random effects (27/48)
Scrolls
 n - 4 scrolls of teleportation
 r - a scroll of enchant armour
 w - a scroll of fear
 A - a scroll of enchant weapon
Potions
 c - 2 potions of lignification
 f - 2 potions of flight
 h - 2 potions of resistance
 q - 2 potions of magic
 t - 2 potions of mutation
 u - 2 potions of cancellation
 v - 2 potions of curing {unknown}
 z - a potion of ambrosia {unknown}
 B - a potion of degeneration {unknown}
Comestibles
 d - 6 bread rations
 k - a royal jelly
 m - 4 meat rations
 s - 4 fruits


   Skills:
 + Level 4.4 Fighting
 * Level 5.4 Long Blades
 + Level 4.6 Dodging
 + Level 4.1 Stealth
 - Level 3.0 Shields


You had 6 spell levels left.
You didn't know any spells.

Dungeon Overview and Level Annotations

Branches:
Dungeon (5/15)
 Temple: D:4-7

Altars:
Dithmenos
Kikubaaqudgha
Ru
Sif Muna
Uskayaw
Yredelemnul
Zin

Shops:
D:4 [

Annotations:
D:4 1 runed door
D:5 Edmund


Innate Abilities, Weirdness & Mutations

You cannot wear most types of armour.
You are very stealthy in the water. (Stealth+)
You are amphibious.
You can wear up to eight rings at the same time.
You can use your tentacles to constrict eight enemies at once.
Your skin changes colour to match your surroundings (Stealth+).
Your rubbery body absorbs attacks. (AC +1, EV +1)


Message History

You hit Edmund. You grab Edmund.
Edmund is lightly wounded.
You constrict Edmund, but do no damage.
Edmund hits you with a flail of crushing!
You hit Edmund but do no damage.
Edmund is lightly wounded.
You constrict Edmund.
Edmund hits you with a flail of crushing!
You hit Edmund but do no damage.
Edmund is lightly wounded.
You constrict Edmund!
Edmund hits you with a flail of crushing!
* * * LOW HITPOINT WARNING * * *
x2 You block Edmund's attack.
You hit Edmund but do no damage.
Edmund is moderately wounded.
You constrict Edmund!
Edmund hits you with a flail of crushing!
* * * LOW HITPOINT WARNING * * *
You die...

.. #. # .##>### .#
.....##.# .......
...(. ... #@# #@#
#.# ##'##
####...###
..........###
..#..#..#...# ###
.#..#..#..#..###.#
..#..#..#...'....#
#..#..#..#..####.#


You could see Edmund.

Vanquished Creatures
  Menkaure (D:4)
  2 scorpions (D:4)
  A howler monkey (D:5)
  A crimson imp (D:5)
  A hound (D:4)
  An orc priest (D:4)
  An iguana (D:2)
  3 worker ants
  2 adders
  5 gnolls
  An ooze (D:3)
  3 worms
  A dart slug (D:2)
  4 leopard geckos
  9 orcs
  7 bats
  4 giant cockroaches
  5 goblins
  6 hobgoblins
  5 jackals
  3 ball pythons
  5 frilled lizards
  8 kobolds
  10 rats
  2 fungi (D:4)
91 creatures vanquished.

Vanquished Creatures (others)
  A human (D:2)
1 creature vanquished.

Grand Total: 92 creatures vanquished

Notes
Turn   | Place    | Note
-------+----------+-------------------------------------------
     0 | D:1      | heretic the Octopode Fighter began the quest for the Orb.
     0 | D:1      | Reached XP level 1. HP: 16/16 MP: 1/1
   179 | D:1      | Reached XP level 2. HP: 14/21 MP: 2/2
   582 | D:1      | Reached skill level 1 in Stealth
   787 | D:1      | Reached XP level 3. HP: 26/26 MP: 3/3
  1429 | D:2      | Found an ancient bone altar of Kikubaaqudgha.
  1429 | D:2      | Found a shadowy altar of Dithmenos.
  1431 | D:2      | Noticed a human
  1433 | D:2      | Killed a human
  1634 | D:2      | Reached skill level 3 in Long Blades
  1634 | D:2      | Reached XP level 4. HP: 29/31 MP: 4/4
  1793 | D:2      | Found a hide-covered altar of Uskayaw.
  1794 | D:2      | Found a glowing silver altar of Zin.
  2803 | D:3      | Reached XP level 5. HP: 36/36 MP: 5/5
  3317 | D:4      | Reached skill level 4 in Long Blades
  3541 | D:4      | Found a runed door.
  3584 | D:4      | Found Esathaf's Antique Armour Shoppe.
  3588 | D:4      | Reached XP level 6. HP: 43/43 MP: 6/6
  3707 | D:4      | Found a basalt altar of Yredelemnul.
  3846 | D:4      | Noticed Menkaure
  3849 | D:4      | HP: 2/43 [Menkaure (21)]
  3861 | D:4      | Killed Menkaure
  3876 | D:4      | Reached skill level 5 in Long Blades
  3876 | D:4      | Reached XP level 7. HP: 40/48 MP: 7/7
  3990 | D:5      | Entered Level 5 of the Dungeon
  4052 | D:5      | Got a crystal mace
  4053 | D:5      | Identified the +5 mace "Conservator" {antimagic, rF+} (You found it on level 5 of the Dungeon)
  4436 | D:5      | Found a deep blue altar of Sif Muna.
  4440 | D:5      | Found a sacrificial altar of Ru.
  4516 | D:5      | Noticed Edmund
  4726 | D:5      | HP: 1/49 [Edmund/flail of crushing (11)]
  4726 | D:5      | Slain by Edmund

Vault maps used:
D:1:      sevenhm_arrival_forest_fort_small_5, serial_glass, glass_columns_a,
          glass_columns_a, minmay_strange_pillars, minmay_strange_pillars,
          minmay_strange_pillars, item_on_display_a
D:2:      gammafunk_temple_overflow_pools,
          nicolae_dithmenos_through_a_glass_darkly, tgw_kikubaaqudgha
D:3:      minivault_4
D:4:      kennysheep_mini_moat, serial_shops, nicolae_shop_overgrown_old_shop,
          first_bread, uniq_menkaure, uniq_crazy_yiuf_cottage
D:5:      overflow_temple_1_default, hangedman_ru_absence,
          minmay_temple_entry_nine_rooms, minmay_misc_feat_diagonals,
          uniq_edmund

Skill      XL: |  1  2  3  4  5  6  7 |
---------------+----------------------+-----
Stealth        | 1 2 3 4 |  4.1
Long Blades    | 3 4 5 |  5.4
Dodging        | 4 |  4.6
Fighting       | 4 |  4.4
Shields        | |  3.0

Action                   |  1- 3 |  4- 6 |  7- 9 || total
-------------------------+-------+-------+-------++-------
Melee: Long sword        |    62 |    89 |     3 ||   154
       Constrict         |    19 |    23 |     7 ||    49
       Tentacles         |    13 |    27 |     5 ||    45
       Mace              |       |       |    20 ||    20
Throw: Stone             |    12 |     3 |       ||    15
Evoke: Wand              |       |       |     2 ||     2
  Use: Scroll            |     1 |     8 |     8 ||    17
       Potion            |       |     4 |       ||     4
 Stab: Sleeping          |     7 |    12 |     3 ||    22
       Distracted        |       |     1 |       ||     1
  Eat: Chunk             |     2 |     7 |     3 ||    12
Armor: Skin              |     1 |     3 |       ||     4
Dodge: Dodged            |    33 |    39 |     5 ||    77
Block: Shield            |    21 |    36 |    14 ||    71
       Rpst.: Long sword |     7 |    11 |       ||    18

Table legend:
 A = Spawn XP
 B = Non-spawn XP
 C = Spawn XP percentage of total XP
 D = Spawn monster count
 E = Non-spawn monster count
 F = Spawn count percentage of total count
 G = Total turns spent on level
                    A         B        C        D         E        F      G
               +---------+---------+-------+---------+---------+-------+---------
         Total |      18 |     829 |   2.1 |       9 |      80 |  10.1 |  4726
               +---------+---------+-------+---------+---------+-------+---------
           D:1 |       1 |      49 |   2.0 |       1 |      25 |   3.8 |  1326
           D:2 |      11 |      88 |  11.1 |       5 |      21 |  19.2 |  1150
           D:3 |       3 |      39 |   7.1 |       2 |      12 |  14.3 |   799
           D:4 |       3 |     477 |   0.6 |       1 |      16 |   5.9 |   715
           D:5 |       0 |     176 |   0.0 |       0 |       6 |   0.0 |   736
               +---------+---------+-------+---------+---------+-------+---------
